 Dungeon Crawl Stone Soup version 0.30.1-11-g7821555f0a (webtiles) character file.

Game seed: 2470266679870666683

723 KittyFluff the Cudgeller (level 7, 0/44 HPs)
             Began as a Gargoyle Berserker on Nov 8, 2023.
             Was a Priest of Trog.
             Slain by an orc
             ... wielding a +0 short sword
              (3 damage)
             ... on level 5 of the Dungeon.
             The game lasted 00:17:39 (4674 turns).

KittyFluff the Cudgeller (Gargoyle Berserker)       Turns: 4674, Time: 00:17:39

Health: 0/44       AC: 11    Str: 29    XL:     7   Next: 71%
Magic:  7/7        EV: 12    Int:  7    God:    Trog [***...]
Gold:   298        SH:  0    Dex: 15    Spells: 6/6 levels left

rFire   . . .        a - +0 mace
rCold   . . .        (no shield)
rNeg    + . .        w - +2 leather armour of the Hanged Man {SInv}
rPois   ∞            (no helmet)
rElec   +            r - +0 cloak
rCorr   .            (no gloves)
SInv    +            (no boots)
Will    .....        (no amulet)
Stlth   ++           t - +6 ring of strength
HPRegen 0.27/turn    k - +6 ring of dexterity
MPRegen 0.10/turn

%: no passive effects
@: on berserk cooldown, slowed, very slow
A: sickness immunity, AC +4, negative energy resistance 1, electricity
resistance, torment resistance 1, petrification resistance
a: Renounce Religion, Berserk, Trog's Hand


You were on level 5 of the Dungeon.
You worshipped Trog.
Trog was most pleased with you.
You visited 1 branch of the dungeon, and saw 5 of its levels.
You also visited: Sewer.

You collected 298 gold pieces.

Inventory:

Hand Weapons
 a - a +0 mace (weapon)
 q - a +4 quarterstaff of chaos
Missiles
 b - 15 poisoned darts
 f - 7 curare-tipped darts (quivered)
 o - 4 atropa-tipped darts
Armour
 r - a +0 cloak (worn)
 w - the +2 leather armour of the Hanged Man (worn) {SInv}
   (You found it on level 3 of the Dungeon)

   SInv:      It lets you see invisible.
Jewellery
 c - a ring of willpower
 k - a +6 ring of dexterity (right hand)
 t - a +6 ring of strength (left hand)
Wands
 n - a wand of iceblast (11)
 A - a wand of flame (28)
Scrolls
 g - a scroll of fog {unknown}
 i - 2 scrolls of fear {unknown}
 l - 3 scrolls of vulnerability {unknown}
 m - 3 scrolls of enchant weapon {unknown}
 p - 2 scrolls of immolation {unknown}
 s - 3 scrolls of enchant armour {unknown}
 x - 3 scrolls of poison {unknown}
 y - a scroll of noise {unknown}
Potions
 d - 3 potions of invisibility
 h - a potion of curing
 j - 3 potions of lignification
 u - 2 potions of mutation
 v - a potion of haste
 z - a potion of might {unknown}


   Skills:
 + Level 4.6 Fighting
 * Level 5.4 Maces & Flails
 * Level 5.3 Armour
 + Level 2.8 Dodging
 + Level 3.3 Stealth


You had 6 spell levels left.
You didn't know any spells.
Your spell library was empty.

Dungeon Overview and Level Annotations

Branches:
Dungeon (5/15)             Temple (0/1) D:5           Sewer (visited)

Altars:
Ashenzari
Makhleb
Nemelex Xobeh
Yredelemnul


Innate Abilities, Weirdness & Mutations

You are immune to sickness and miasma.
Your stone body is resilient. (AC +4)
You are immune to poison.
You resist negative energy. (rN+)
You are resistant to electric shocks. (rElec)
You are resistant to unholy torment.
You are immune to petrification.


Message History

You sock the gnoll!
You kill the gnoll!
Trog accepts your kill. The gnoll misses you.
Items here: $ )))))) ? [ †††.
You sock the gnoll!
The gnoll is severely wounded.
The gnoll hits you with a +0 flail!
* * * LOW HITPOINT WARNING * * *
You hit the gnoll.
You kill the gnoll!
Trog accepts your kill.
You thump the gnoll!
You kill the gnoll!
Trog accepts your kill. The orc hits you with a +0 short sword.
* * * LOW HITPOINT WARNING * * *
The gnoll barely misses you. The gnoll hits you but does no damage.
Items here: )) ? ††.
You bludgeon the gnoll!!
You kill the gnoll!
Trog accepts your kill. The orc hits you but does no damage.
The gnoll barely misses you.
You are no longer berserk.
You are exhausted.
You feel yourself slow down.
Things that are here:
a +0 flail; a gnoll corpse The orc hits you but does no damage.
The gnoll hits you but does no damage. The orc hits you but does no damage.
The gnoll hits you with a +0 flail!
* * * LOW HITPOINT WARNING * * *
Items here: )) ? ††.
Items here: $ )))))) ? [ †††.
The orc attacks as you move away! The orc hits you with a +0 short sword.
* * * LOW HITPOINT WARNING * * *
The orc closely misses you.
You barely miss the orc. The orc hits you but does no damage.
The orc barely misses you.
You closely miss the orc. The orc hits you with a +0 short sword.
You die...

# #....!.....# #
#####.#.##.# #
#.#.##.# # #...##.#
## #..###.# .##
#..###.# ..##
#......# ...###.
##.##### ....... #@#
...#... #o#########
..##.##
####g#.......# .## .
#...gS....##.# .#
........#.......#####
.#
#.##.####..#........#
.# #. ##..#[#...##.#
.# # #.g######.####
.# #..# #.#


You could see 2 gnolls, an adder and an orc.

Vanquished Creatures
  2 kobold brigands (Sewer)
  2 scorpions (D:5)
  Crazy Yiuf (D:2)
  13 gnolls
  18 adders
  A river rat (D:3)
  An ufetubus (D:4)
  An adder zombie (D:3)
  3 worms (Sewer)
  4 dart slugs
  An orc (D:5)
  8 bats
  14 endoplasms
  5 giant cockroaches
  7 goblins
  8 hobgoblins
  8 kobolds
  7 quokkas
  18 ball pythons
  3 frilled lizards
  A jackal zombie (D:3)
  11 rats
137 creatures vanquished.

Notes
Turn   | Place    | Note
-------+----------+-------------------------------------------
     0 | D:1      | KittyFluff the Gargoyle Berserker began the quest for the
                  | Orb.
     0 | D:1      | Reached XP level 1. HP: 14/14 MP: 1/1
   274 | D:1      | Reached XP level 2. HP: 19/19 MP: 2/2
   663 | D:1      | Reached skill level 1 in Stealth
   727 | D:1      | Reached XP level 3. HP: 21/23 MP: 3/3
  1290 | D:2      | Found a runed translucent door.
  1291 | D:2      | Noticed Crazy Yiuf
  1300 | D:2      | Killed Crazy Yiuf
  1301 | D:2      | Reached XP level 4. HP: 28/28 MP: 4/4
  1603 | D:2      | Reached ** piety under Trog
  1922 | D:3      | Reached XP level 5. HP: 33/33 MP: 5/5
  1960 | D:3      | Found a glowing drain.
  1993 | Sewer    | Entered a sewer
  1995 | Sewer    | Noticed a kobold brigand
  2026 | Sewer    | Killed a kobold brigand
  2223 | Sewer    | Reached XP level 6. HP: 32/38 MP: 6/6
  2382 | Sewer    | Reached *** piety under Trog
  2626 | D:3      | Found a sparkling altar of Nemelex Xobeh.
  3157 | D:3      | Identified the +2 leather armour of the Hanged Man {SInv}
  3325 | D:3      | Reached XP level 7. HP: 43/44 MP: 7/7
  3330 | D:3      | Found a basalt altar of Yredelemnul.
  3820 | D:4      | Reached skill level 5 in Maces & Flails
  3870 | D:4      | Found a broken altar of Ashenzari.
  4285 | D:4      | Found a burning altar of Makhleb.
  4421 | D:5      | Entered Level 5 of the Dungeon
  4436 | D:5      | Reached skill level 5 in Armour
  4595 | D:5      | Found a staircase to the Ecumenical Temple.
  4672 | D:5      | HP: 2/44 [orc/+0 short sword (1)]
  4674 | D:5      | Slain by an orc

Illustrated notes

Levels and vault maps discovered:
D:1:      roderic_chinese_lattice_arrival, layout_loops_ring
D:2:      layout_basic, uniq_crazy_yiuf_cottage
D:3:      layout_basic, lemuel_zombie_altar_yredelemnul,
          mainiacjoe_overflow_six_doors_small, portal_sewer_entry_b,
          minmay_snake_closets
D:4:      layout_basic, mainiacjoe_overflow_paths, cheibrodos_ashenzari_chains
D:5:      layout_loops_cross, temple_doors_e, uniq_sigmund

Skill      XL: |  1  2  3  4  5  6  7 |
---------------+----------------------+-----
Stealth        | 1 2 3 |  3.3
Armour         | 3 4 5 |  5.3
Dodging        | 2 |  2.8
Maces & Flails | 4 5 |  5.4
Fighting       | 4 |  4.6

Action                     |  1- 3 |  4- 6 |  7- 9 || total
---------------------------+-------+-------+-------++-------
  Melee: Mace              |    75 |   280 |   120 ||   475
         Punch             |     1 |     1 |     2 ||     4
 Invoke: Berserk           |     1 |       |     1 ||     2
    Use: Scroll            |     3 |     3 |     2 ||     8
   Stab: Sleeping          |     2 |    13 |       ||    15
 Armour: Animal skin       |    20 |       |       ||    20
         Leather armour    |     4 |   112 |    56 ||   172
  Dodge: Dodged            |    56 |   170 |   109 ||   335
